 Dungeon Crawl Stone Soup version 0.25.1-1-g288607f5aa (webtiles) character file.

Game seed: 6571744056811608612

286 Ijustatesigmund the Chopper (level 6, -5/44 HPs)
             Began as an Octopode Gladiator on July 20, 2020.
             Killed from afar by an orc wizard (6 damage)
             ... with a magic dart
             ... on level 3 of the Dungeon.
             The game lasted 00:06:08 (3381 turns).

Ijustatesigmund the Chopper (Octopode Gladiator)    Turns: 3381, Time: 00:06:09

Health: -5/44      AC:  1    Str: 13    XL:     6   Next: 30%
Magic:  6/6        EV: 15    Int: 11    God:
Gold:   154        SH:  0    Dex: 15    Spells: 5/5 levels left

rFire    . . .     SeeInvis .   a - +1 war axe
rCold    . . .     Gourm    .   (no shield)
rNeg     . . .     Faith    .   b - +0 hat
rPois    .         Spirit   .   (no amulet)
rElec    .         Reflect  .   (no ring)
rCorr    .         Harm     .   (no ring)
MR       .....                  (no ring)
Stlth    ++........             (no ring)
HPRegen  0.14/turn              (no ring)
MPRegen  0.10/turn              (no ring)
                                (no ring)
                                (no ring)

@: mighty
A: almost no armour, stealthy swim, amphibious, 8 rings, constrict 8, camouflage
1, gelatinous body 1
a: no special abilities


You were on level 3 of the Dungeon.
You were not hungry.

You visited 1 branch of the dungeon, and saw 4 of its levels.

You collected 154 gold pieces.

Inventory:

Hand Weapons
 a - a +1 war axe (weapon)
Missiles
 c - 2 throwing nets (quivered)
 e - 12 javelins
Armour
 b - a +0 hat (worn)
Wands
 j - a wand of digging (6)
 n - a wand of enslavement (9)
Scrolls
 m - a scroll of remove curse
 p - a scroll of identify
 q - a scroll of teleportation
Potions
 f - a potion of curing {unknown}
 k - a potion of ambrosia
 l - a potion of haste {unknown}
 o - a potion of flight {unknown}
Comestibles
 d - 5 rations


   Skills:
 + Level 4.4 Fighting
 + Level 5.0 Axes
 - Level 2.0 Throwing
 + Level 3.6 Dodging


You had 5 spell levels left.
You didn't know any spells.
Your spell library was empty.

Dungeon Overview and Level Annotations

Branches:
Dungeon (4/15)
 Temple: D:4-7

Altars:
Gozag
Hepliaklqana
Makhleb
Sif Muna
Vehumet
Yredelemnul


Innate Abilities, Weirdness & Mutations

You cannot wear most types of armour.
You are very stealthy in the water. (Stealth+)
You are amphibious.
You can wear up to eight rings at the same time.
You can use your tentacles to constrict eight enemies at once.
Your skin changes colour to match your surroundings (Stealth+).
Your rubbery body absorbs attacks. (AC +1, EV +1)


Message History

You feel much better. Something hits you.
You feel very mighty all of a sudden. Something barely misses you.
Something hits you.
You hear some strange, mumbled words.
A puff of frost appears from out of thin air!
The puff of frost hits you!
A magic dart appears from out of thin air!
The magic dart hits you.
* * * LOW HITPOINT WARNING * * *
You hear some strange, mumbled words.
A puff of frost appears from out of thin air!
The puff of frost hits you!
* * * LOW HITPOINT WARNING * * *
Something hits you.
* * * LOW HITPOINT WARNING * * *
You completely miss something. Your squeeze misses something.
You hear some strange, mumbled words.
A magic dart appears from out of thin air!
The magic dart hits you.
You die...

#.###......#######...
#..................รท.
#.###..#.#.##........
#######.###....#.##.#######
#..............#.##.#.....#
###.###.###....#....#.#....
#.# #.# #..#.###..#.#...#
#.# #.###.>..............
#.# #...@{###.....#.....#
#.#######...#.....#####.#
#.................#......
#########...#....##......
###########......
#......).####.#
#.######[####.# #.#
#.......# #####.# #...<...#


There were no monsters in sight!

Vanquished Creatures
  A crimson imp (D:3)
  A hound (D:3)
  An orc priest (D:3)
  An orc wizard (D:4)
  Robin (D:2)
  5 adders
  An ooze (D:2)
  A worm (D:2)
  3 leopard geckos (D:3)
  12 orcs
  3 giant cockroaches
  17 goblins
  4 hobgoblins
  13 jackals
  A quokka (D:3)
  A ball python (D:4)
  6 bats
  3 frilled lizards
  4 kobolds
  4 rats
83 creatures vanquished.

Notes
Turn   | Place    | Note
-------+----------+-------------------------------------------
     0 | D:1      | Ijustatesigmund the Octopode Gladiator began the quest for
                  | the Orb.
     0 | D:1      | Reached XP level 1. HP: 14/14 MP: 1/1
   416 | D:1      | Reached XP level 2. HP: 16/20 MP: 2/2
  1022 | D:2      | Found a hazy altar of Hepliaklqana.
  1121 | D:2      | You fall into a shaft and drop 2 floors!
  1122 | D:4      | Reached XP level 3. HP: 25/25 MP: 3/3
  1309 | D:3      | Reached XP level 4. HP: 31/31 MP: 4/4
  1311 | D:3      | Reached skill level 4 in Axes
  1655 | D:2      | Found an opulent altar of Gozag.
  1699 | D:2      | Noticed Robin
  1719 | D:2      | Reached XP level 5. HP: 36/37 MP: 5/5
  1723 | D:2      | Killed Robin
  2350 | D:2      | Found a shimmering blue altar of Sif Muna.
  2990 | D:3      | Found a basalt altar of Yredelemnul.
  3001 | D:3      | Found a burning altar of Makhleb.
  3114 | D:3      | Reached XP level 6. HP: 43/43 MP: 6/6
  3179 | D:3      | Found a radiant altar of Vehumet.
  3180 | D:3      | Found a burning altar of Makhleb.
  3196 | D:3      | Reached skill level 5 in Axes
  3380 | D:3      | HP: 1/44 [something (2)]
  3381 | D:3      | Killed from afar by an orc wizard

Illustrated notes

Levels and vault maps discovered:
D:1:      dpeg_arrival_ternary, layout_basic, minmay_crystal_water
D:2:      layout_loops_ring, nicolae_gozag_seed_capital, lemuel_blue_sif_altar,
          lemuel_crystal_altar, grunt_decor_resistance, uniq_robin
D:3:      layout_basic, grunt_temple_overflow_lords_of_destruction,
          lemuel_crystal_altar, minivault_14, makhleb_heckhound_becter
D:4:      layout_basic, nicolae_dithmenos_the_darkroom, kennysheep_mini_moat,
          minmay_a_box_with_orc_wizards_in_it

Skill      XL: |  1  2  3  4  5  6 |
---------------+-------------------+-----
Fighting       | 3 4 |  4.4
Axes           | 4 5 |  5.0
Throwing       | |  2.0
Dodging        | |  3.6

Action                   |  1- 3 |  4- 6 || total
-------------------------+-------+-------++-------
Melee: War axe           |    52 |    93 ||   145
       Constrict         |    16 |    25 ||    41
       Tentacles         |     8 |    13 ||    21
Throw: Javelin           |       |     3 ||     3
       Throwing net      |       |     2 ||     2
  Use: Scroll            |    10 |     1 ||    11
       Potion            |       |     3 ||     3
 Stab: Sleeping          |     3 |     6 ||     9
       Held in net/web   |       |     1 ||     1
  Eat: Chunk             |     1 |     7 ||     8
Armor: Skin              |     3 |     3 ||     6
Dodge: Dodged            |    39 |    71 ||   110
